 Dungeon Crawl Stone Soup version 0.30.1-3-gfc49f6343a (webtiles) character file.

Game seed: 8131334148814724555

31 Atelerd the Digger (level 3, -9/21 HPs)
             Began as an Octopode Earth Elementalist on July 25, 2023.
             Killed from afar by Sigmund (11 damage)
             ... with a puff of flame
             ... on level 2 of the Dungeon.
             The game lasted 00:03:16 (1414 turns).

Atelerd the Digger (Octopode Earth Elementalist)    Turns: 1414, Time: 00:03:17

Health: -9/21      AC:  1    Str:  7    XL:     3   Next: 22%
Magic:  3/6        EV: 13    Int: 17    God:
Gold:   57         SH:  0    Dex: 14    Spells: 6/7 levels left

rFire   . . .        g - +0 dagger (speed)
rCold   . . .        (no shield)
rNeg    . . .        (helmet restricted)
rPois   .            (no amulet)
rElec   .            (no ring)
rCorr   .            (no ring)
SInv    .            (no ring)
Will    .....        (no ring)
Stlth   +++          (no ring)
HPRegen 0.23/turn    (no ring)
MPRegen 0.10/turn    (no ring)
                     (no ring)

%: no passive effects
@: brilliant, flying
A: almost no armour, amphibious, 8 rings, camouflage 1, gelatinous body 1,
(nimble swimmer 1), tentacles, antennae 1, no potion heal 1
a: no special abilities


You were on level 2 of the Dungeon.
You visited 1 branch of the dungeon, and saw 3 of its levels.

You collected 57 gold pieces.

Inventory:

Hand Weapons
 g - a +0 dagger of speed (weapon)
Scrolls
 b - 2 scrolls of noise {unknown}
 c - 5 scrolls of identify {unknown}
 h - a scroll of silence {unknown}
Potions
 a - a potion of magic


   Skills:
 + Level 2.0 Dodging
 + Level 2.6 Stealth
 + Level 2.5 Spellcasting
 + Level 1.1 Transmutations
 + Level 3.7 Earth Magic


You had 6 spell levels left.
You knew the following spells:

 Your Spells              Type           Power      Damage    Failure   Level
a - Sandblast             Erth           44%        2d11      4%          1

Your spell library contained the following spells:

 Spells                   Type           Power      Damage    Failure   Level
 Passwall                 Tmut/Erth      12%        N/A       11%         2
 Stone Arrow              Conj/Erth      24%        3d8       26%         3
 Inner Flame              Hex/Fire       3%         N/A       50%         3
 Petrify                  Tmut/Erth      15%        N/A       56%         4
 Yara's Violent Unravell  Hex/Tmut       3%         3d4       99%         5
 Enfeeble                 Hex            1%         N/A       100%        7


Dungeon Overview and Level Annotations

Branches:
Dungeon (3/15)

Altars:

Annotations:
D:2 Sigmund


Innate Abilities, Weirdness & Mutations

You cannot wear most types of armour.
You are amphibious.
You can wear up to eight rings at the same time.
Your skin changes colour to match your surroundings (Stealth+).
Your rubbery body absorbs attacks. (AC +1, EV +1)
((You are camouflaged when in or above water. (Stealth+)))
You have tentacles for arms and can constrict up to eight enemies at once.
You have a pair of small antennae on your head.
Potions are less effective at restoring your health.


Message History

You feel very buoyant.
You fly up into the air.
The orc hits you with a +0 flail.
It was a potion of mutation.
You feel extremely strange. A pair of antennae grows on your head!
Your system partially rejects the healing effects of potions.
The orc hits you with a +0 flail. The orc attacks as you move away!
The orc barely misses you.
You hit the orc.
The orc is severely wounded.
Something tries to affect you, but you resist.
The orc closely misses you.
You completely miss the orc. Your squeeze misses the orc.
The orc is heavily wounded.
You feel less confused. Something hits you!
* * * LOW HITPOINT WARNING * * *
The orc barely misses you.
You hit the orc.
You kill the orc!
Casting: Sandblast (safe; 4% risk of failure)
Confirm with . or Enter, or press ? or * to list all spells.
You can't see any susceptible monsters within range! (Use Z to cast anyway.)
Casting: Sandblast (safe; 4% risk of failure)
Confirm with . or Enter, or press ? or * to list all spells.
Aiming: Sandblast (safe; 4% risk of failure)
Press: ? - help, Shift-Dir - straight line You feel a surge of power!
The blast of sand hits something.
Something completely misses you.
A hobgoblin comes into view.
Unknown command.
Casting: Sandblast (safe; 4% risk of failure)
Confirm with . or Enter, or press ? or * to list all spells.
Aiming: Sandblast (safe; 4% risk of failure)
Press: ? - help, Shift-Dir - straight line You feel a surge of power!
The hobgoblin shouts!
You hear some strange, mumbled words.
A puff of flame appears from out of thin air!
The puff of flame hits you!
Ouch! That really hurt!
You die...

. #......##.#
..###......##.##########
........................
...........##.##########
........#..........<#
.......>...##)#...###
......#{##.##.#####
....#....#.##.. ...
#..@)#...... .
#....###############
#...................
#.......############ .
#....)..############
....###.................
..........#g############
..@.......#.############
.
###.......#.#...........


You could see a hobgoblin.

Vanquished Creatures
  2 orcs (D:2)
  3 ball pythons (D:1)
  A giant cockroach (D:1)
  4 hobgoblins (D:1)
  3 kobolds
  2 quokkas
  A bat (D:1)
  2 frilled lizards (D:1)
  5 goblins
  4 rats (D:1)
27 creatures vanquished.

Notes
Turn   | Place    | Note
-------+----------+-------------------------------------------
     0 | D:1      | Atelerd the Octopode Earth Elementalist began the quest for
                  | the Orb.
     0 | D:1      | Reached XP level 1. HP: 11/11 MP: 3/3
   155 | D:1      | Reached XP level 2. HP: 17/17 MP: 0/5
  1156 | D:2      | Reached XP level 3. HP: 20/21 MP: 2/6
  1262 | D:2      | Noticed Sigmund
  1406 | D:2      | Gained mutation: You have a pair of small antennae on your
                  | head. [potion of mutation]
  1406 | D:2      | Gained mutation: Potions are less effective at restoring
                  | your health. [potion of mutation]
  1411 | D:2      | HP: 1/21 [something (10)]
  1414 | D:2      | Killed from afar by Sigmund

Illustrated notes

Levels and vault maps discovered:
D:1:      saegor_arrival_simple_e, layout_basic, minivault_26,
          minmay_close_crescents
D:2:      layout_basic, uniq_sigmund
D:3:      layout_rooms, tso_metal_star, jmf_multi_god_temple2, serial_shops,
          nicolae_book_shop_shelving, guppyfry_early_lair_pool

Action                     || total
---------------------------++-------
  Melee: Unarmed           ||     7
         Constrict         ||     5
         Tentacles         ||     2
         Dagger            ||     4
   Cast: Sandblast         ||    35
    Use: Potion            ||     3
 Armour: Skin              ||     2
  Dodge: Dodged            ||    25
